 Dungeon Crawl Stone Soup version 0.27.0-1-g7a089689b8 (webtiles) character file.

Game seed: 2201572191713144376

7077 theswoord the Cruncher (level 10, -2/73 HPs)
             Began as a Demonspawn Gladiator on Aug 6, 2021.
             Slain by a tentacled starspawn (8 damage)
             ... on level 1 of the Abyss.
             The game lasted 00:26:28 (9420 turns).

theswoord the Cruncher (Demonspawn Gladiator)       Turns: 9420, Time: 00:26:29

Health: -2/73      AC: 19    Str: 13      XL:     10   Next: 84%
Magic:  10/10      EV: 12    Int: 10 (11) God:
Gold:   507        SH:  0    Dex: 10      Spells: 9/9 levels left

rFire    . . .     SeeInvis .   a - +1 quarterstaff (protect)
rCold    + . .     Faith    .   (shield currently unavailable)
rNeg     . . .     Spirit   .   C - +1 chain mail "Biluecapp" {rElec rC+ Int+4}
rPois    .         Reflect  .   (helmet restricted)
rElec    +         Harm     .   j - +2 cloak
rCorr    .         Rampage  .   (no gloves)
Will     .....     Rnd*Rage +   (no boots)
Stlth    ..........             (no amulet)
HPRegen  0.22/turn              k - +4 ring of protection
MPRegen  0.12/turn              (no ring)

@: agile, slowed, very slow
A: horns 2, icy blue scales 1, powered by death 2, powered by pain 2, [berserk
3], [clumsy 2], [deterioration 2], [dopey 2], [screaming 2], [weak 2], [no
potion heal 2]
a: no special abilities


You were on level 1 of the Abyss.
You visited 2 branches of the dungeon, and saw 8 of its levels.
You visited the Abyss 1 time.
You also visited: Sewer and Ossuary.

You collected 507 gold pieces.

Inventory:

Hand Weapons
 a - a +1 quarterstaff of protection (weapon)
Armour
 b - a +0 leather armour
 c - a +0 helmet
 j - a +2 cloak (worn)
 l - a +0 chain mail
 C - the +1 chain mail "Biluecapp" (worn) {rElec rC+ Int+4}
   (You found it on level 1 of the Abyss)

   Int:       It affects your intelligence (+4).
   rC:        It protects you from cold.
   rElec:     It insulates you from electricity.
Jewellery
 k - a +4 ring of protection (left hand)
Wands
 o - a wand of mindburst (8)
 q - a wand of acid (5)
 x - a wand of iceblast (9)
Scrolls
 g - 2 scrolls of noise
 p - 2 scrolls of enchant armour
 v - 2 scrolls of fear
Potions
 e - 3 potions of haste
 f - 2 potions of might
 h - a potion of degeneration
 m - 5 potions of curing
 n - 4 potions of ambrosia {unknown}
 r - a potion of invisibility
 t - a potion of cancellation {unknown}
 u - 3 potions of resistance {unknown}
 w - a potion of magic {unknown}
 z - a potion of flight
 A - a potion of attraction {unknown}


   Skills:
 + Level 4.7 Fighting
 - Level 14.2 Staves
 - Level 1.7 Throwing
 + Level 3.7 Armour
 + Level 4.8 Dodging


You had 9 spell levels left.
You didn't know any spells.
Your spell library contained the following spells:

 Spells                   Type           Power      Damage    Failure   Level
 Summon Forest            Summ/Tloc      0%         N/A       100%        5
 Dispersal                Tloc           0%         N/A       100%        6
 Disjunction              Tloc           0%         N/A       100%        8


Dungeon Overview and Level Annotations

Branches:
Dungeon (7/15)             Temple (1/1) D:6           Sewer (visited)
Ossuary (visited)

Altars:
Ashenzari
Dithmenos
Elyvilon
Fedhas
Gozag
Hepliaklqana
Kikubaaqudgha
Makhleb
Nemelex Xobeh
Okawaru
Qazlal
Ru
Trog
Uskayaw
Xom
Yredelemnul
Zin
The Shining One

Shops:
D:1 ((*

Annotations:
D:5 1 exclusion


Innate Abilities, Weirdness & Mutations

You have a pair of horns on your head.
You are partially covered in icy blue scales. (AC +2)
You regenerate health from kills.
You sometimes gain power by taking damage.
[You have an uncontrollable temper.]
[You are very clumsy. (Dex -4)]
[Your body often deteriorates upon taking damage.]
[You are very dopey. (Int -4)]
[You frequently scream uncontrollably at your foes.]
[You are very weak. (Str -4)]
[Potions cannot restore your health.]


Message History

You feel yourself slow down.
The wretched star pulses with an eldritch light!
You feel stupid. x2; You feel clumsy. x2
The wretched star pulses with an eldritch light!
You feel a little pissed off.
You feel angry.
You feel weaker. x2
You flicker for a moment.
The wretched star glows turbulently.
The lance of force hits you!
* * * LOW HITPOINT WARNING * * *
x2 The wretched star pulses with an eldritch light!
You feel the urge to shout.
You feel a strong urge to scream.
A tentacled starspawn comes into view.
You flicker back into view.
The wretched star pulses with an eldritch light!
Your system partially rejects the healing effects of potions.
Your system completely rejects the healing effects of potions.
The wretched star pulses with an eldritch light!
You feel extremely angry at everything!
Your magical contamination has completely faded away.
A wraith comes into view.
The wraith hits you.
* * * LOW HITPOINT WARNING * * *
The wraith drains your vigour!
You feel yourself slow down.
Found a bone ring.
The wraith hits you but does no damage.
You see here a ring of flight.
The wretched star pulses with an eldritch light!
You feel yourself wasting away.
You feel your body start to fall apart.
The tentacled starspawn bites you but does no damage.
The tentacled starspawn tentacle-slaps you but does no damage.
As you read the scroll labelled UBBIBL LUGADIG, it crumbles to dust.
It is a scroll of enchant weapon.
Your +0 quarterstaff of protection glows red for a moment.
Tentacles burst from the starspawn's body!
The tentacled starspawn bites you!!
* * * LOW HITPOINT WARNING * * *
You focus on the pain.
You feel agile all of a sudden.
The tentacled starspawn tentacle-slaps you!
You die...

#..###.*##.. .
###.#*.......#
#....#### ###
...##..##..#
..§.#.......#.# #
#...##.=..#.#..
#.. ...#*.###...
#..#.§..#XwW##...
####..# #@w#.# ##
§#. #..#... § #
#####.#... #..#.
#.#. # #


You could see a tentacled starspawn, a wretched star, a wraith and 2 starspawn
tentacles.

Vanquished Creatures
  A thrashing horror (Abyss:1)
  A manticore (D:7)
  A smoke demon (Abyss:1)
  A freezing wraith (Abyss:1)
  A snapping turtle (shapeshifter) (Abyss:1)
  A chaos spawn (Abyss:1)
  A neqoxec (Abyss:1)
  Menkaure (Ossuary)
  A water moccasin (D:6)
  Duvessa (D:4)
  A sky beast (D:5)
  4 ice beasts
  3 small abominations (Abyss:1)
  2 centaurs
  A phantom (D:6)
  Blork the orc (D:6)
  3 elf zombies (Ossuary)
  3 bullfrogs
  2 scorpions (D:5)
  Dowan (D:4)
  6 killer bees
  5 wights
  5 centaur zombies
  3 hounds
  A jelly (D:4)
  3 orc priests
  A centaur skeleton (D:5)
  7 orc wizards
  A killer bee zombie (D:6)
  2 ogre zombies (Ossuary)
  A hound zombie (D:5)
  6 mummies (Ossuary)
  A howler monkey zombie (D:6)
  2 gnolls (D:7)
  A howler monkey skeleton (D:4)
  13 adders
  9 river rats
  A white imp (Abyss:1)
  An ufetubus (Abyss:1)
  An adder zombie (Ossuary)
  2 adder skeletons (D:4)
  A worm (D:4)
  4 dart slugs
  29 orcs
  6 bats
  9 endoplasms
  A giant cockroach (D:3)
  A gnoll zombie (Ossuary)
  4 goblins
  5 hobgoblins
  9 jackals
  4 quokkas
  13 ball pythons
  5 frilled lizards
  4 goblin zombies (Ossuary)
  5 hobgoblin zombies (Ossuary)
  7 kobolds
  6 kobold zombies (Ossuary)
  2 quokka zombies (Ossuary)
  32 rats
  3 rat zombies (Ossuary)
253 creatures vanquished.

Vanquished Creatures (others)
  2 starspawn tentacles (Abyss:1)
  4 toadstools (D:1)
6 creatures vanquished.

Grand Total: 259 creatures vanquished

Notes
Turn   | Place    | Note
-------+----------+-------------------------------------------
     0 | D:1      | theswoord the Demonspawn Gladiator began the quest for the
                  | Orb.
     0 | D:1      | Reached XP level 1. HP: 16/16 MP: 1/1
   199 | D:1      | Found Wolasetz's General Store.
   270 | D:1      | Got the Catalogue of the Traveller
   283 | D:1      | Found Adul's Antique Weapon Emporium.
   394 | D:1      | Reached skill level 3 in Staves
   491 | D:1      | Found Cuahix's Antique Weapon Boutique.
   548 | D:1      | Gained mutation: You regenerate a little health from kills.
                  | [demonic ancestry]
   548 | D:1      | Reached XP level 2. HP: 22/22 MP: 2/2
  1186 | D:2      | Found a faded altar of an unknown god.
  1397 | D:2      | Gained mutation: You sometimes gain a little power by
                  | taking damage. [demonic ancestry]
  1397 | D:2      | Reached XP level 3. HP: 27/27 MP: 3/3
  1428 | D:2      | Reached skill level 4 in Staves
  1906 | D:2      | Gained mutation: You are partially covered in icy blue
                  | scales. (AC +2) [demonic ancestry]
  1906 | D:2      | Reached XP level 4. HP: 32/33 MP: 4/4
  2676 | D:3      | Reached skill level 5 in Staves
  2683 | D:3      | Gained mutation: You have a pair of small horns on your
                  | head. [demonic ancestry]
  2683 | D:3      | Reached XP level 5. HP: 22/38 MP: 5/5
  3646 | D:4      | Reached skill level 6 in Staves
  3650 | D:4      | Gained mutation: You have a pair of horns on your head.
                  | [demonic ancestry]
  3650 | D:4      | Reached XP level 6. HP: 41/44 MP: 6/6
  3786 | D:4      | Found a glowing drain.
  3805 | Sewer    | Entered a sewer
  4032 | Sewer    | Reached skill level 7 in Staves
  4326 | Sewer    | Gained mutation: You regenerate health from kills. [demonic
                  | ancestry]
  4326 | Sewer    | Reached XP level 7. HP: 20/50 MP: 7/7
  4502 | D:4      | Reached skill level 8 in Staves
  4627 | D:4      | Found a hide-covered altar of Uskayaw.
  4930 | D:4      | Noticed Duvessa
  4931 | D:4      | Noticed Dowan
  4943 | D:4      | Killed Duvessa
  4954 | D:4      | Killed Dowan
  5282 | D:5      | Entered Level 5 of the Dungeon
  5291 | D:5      | Reached skill level 9 in Staves
  5291 | D:5      | Gained mutation: You sometimes gain power by taking damage.
                  | [demonic ancestry]
  5291 | D:5      | Reached XP level 8. HP: 49/56 MP: 8/8
  5431 | D:5      | Found a sand-covered staircase.
  5437 | Ossuary  | Entered an ossuary
  5712 | Ossuary  | Reached skill level 10 in Staves
  5728 | Ossuary  | Noticed Menkaure
  5749 | Ossuary  | HP: 1/56 [Menkaure/nerve-wracking pain (7)]
  5753 | Ossuary  | Killed Menkaure
  6375 | D:5      | Found an iron altar of Okawaru.
  6439 | D:5      | Reached skill level 14 in Staves
  6439 | D:5      | Reached XP level 9. HP: 61/61 MP: 9/9
  6972 | D:6      | Reached skill level 1 in Armour
  7143 | D:6      | Reached XP level 10. HP: 68/68 MP: 10/10
  7202 | D:6      | Noticed Blork the orc
  7212 | D:6      | Killed Blork the orc
  7392 | D:6      | Found a staircase to the Ecumenical Temple.
  7408 | Temple   | Entered the Ecumenical Temple
  8021 | D:7      | Noticed a manticore
  8043 | D:7      | Killed a manticore
  8624 | D:7      | Cast into level 1 of the Abyss (gnoll sergeant)
  8628 | Abyss:1  | Identified the +1 chain mail "Biluecapp" {rElec rC+ Int+4}
  8648 | Abyss:1  | Found a radiant altar of Vehumet.
  8749 | Abyss:1  | Noticed a smoke demon
  8849 | Abyss:1  | Noticed a starcursed mass
  8852 | Abyss:1  | Noticed an orange demon
  8894 | Abyss:1  | Noticed a guardian serpent
  8925 | Abyss:1  | Noticed a tentacled starspawn
  9064 | Abyss:1  | Noticed a tentacled starspawn
  9137 | Abyss:1  | Noticed a thrashing horror
  9154 | Abyss:1  | Killed a thrashing horror
  9220 | Abyss:1  | Noticed a large abomination
  9237 | Abyss:1  | Found a corrupted altar of Lugonu.
  9310 | Abyss:1  | Noticed a smoke demon
  9333 | Abyss:1  | Killed a smoke demon
  9361 | Abyss:1  | Noticed a purple ugly thing
  9382 | Abyss:1  | Noticed a starcursed mass
  9382 | Abyss:1  | Noticed a wretched star
  9383 | Abyss:1  | Noticed a dread lich
  9400 | Abyss:1  | Noticed a tentacled starspawn
  9420 | Abyss:1  | Slain by a tentacled starspawn

Skill      XL: |  1  2  3  4  5  6  7  8  9 10 |
---------------+-------------------------------+-----
Staves         | 3 4 5 6 7 9 14 | 14.2
Armour         | 1 3 |  3.7
Dodging        | 3 4 |  4.8
Fighting       | 4 |  4.7
Throwing       | |  1.7

Action                   |  1- 3 |  4- 6 |  7- 9 | 10-12 || total
-------------------------+-------+-------+-------+-------++-------
Melee: Quarterstaff      |   103 |   283 |   337 |   254 ||   977
       Headbutt          |       |    36 |    67 |    46 ||   149
Throw: Throwing net      |       |       |       |     3 ||     3
Evoke: Wand              |       |       |       |    14 ||    14
  Use: Scroll            |       |     3 |    14 |    10 ||    27
       Potion            |       |       |     3 |     6 ||     9
 Stab: Sleeping          |       |     1 |       |       ||     1
Armor: Leather armour    |    42 |    33 |       |       ||    75
       Chain mail        |       |   129 |   171 |   128 ||   428
Dodge: Dodged            |    75 |   150 |    80 |    81 ||   386

Levels and vault maps discovered:
D:1:      ldierk_water_garden, layout_basic, serial_shops,
          nicolae_shop_statue_plus, nicolae_shop_behind_doors,
          nicolae_shop_crystal
D:2:      layout_rooms, shapermc_ecumenical_altar_totnotflames
D:3:      layout_basic, grunt_ministairs_11
D:4:      layout_loops_ring, nicolae_uskayaw_suspiria,
          lightli_sewer_entry_pipes, minivault_14, saegor_snake_ambush,
          uniq_duvessa
D:5:      layout_basic, kennysheep_okawaru_gauntlet, nicolae_ossuary_entry_plus
D:6:      layout_basic, minmay_temple_entry_grid, item_on_display_a,
          uniq_blork_the_orc
D:7:      layout_basic, uniq_pikel
Temple:   eino_temple_scatter_basement
Abyss:1:  base: D:3, bh_abyss_exit_choice, evilmike_abyss_exit_10, minivault_26
